[Event "Titled Tuesday Blitz August 3 2021"]
[White "Ambartsumova, Karina"]
[Black "Darini, Pouria"]
[WhiteFideId "4166299"]
[BlackFideId "12502200"]
[WhiteElo "2262"]
[BlackElo "2489"]
[Result "1/2-1/2"]
[Round "03"]
[TimeControl "180+1"]
[Date "2021.08.03"]
[WhiteClock "0:00:10"]
[BlackClock "0:00:06"]

1. c4 e5 2. Nc3 Nf6 3. Nf3 Nc6 4. a3 d5 5. cxd5 Nxd5 6. Qc2 Nxc3 7. dxc3 Bd6 8. e4 O-O 9. Be2 a5 10. b3 Qe7 11. O-O f6 12. Bb2 Be6 13. b4 Nd8 14. Nd2 Qf7 15. Bd3 Nc6 16. Qd1 Ne7 17. Qe2 Ng6 18. g3 Rfd8 19. Bc4 Kh8 20. Bxe6 Qxe6 21. Nc4 axb4 22. cxb4 Be7 23. Rfd1 Nf8 24. Na5 b6 25. Nc4 Qf7 26. Ne3 Ne6 27. Nd5 Bd6 28. Rac1 Rf8 29. Ne3 Qg6 30. Nf5 Nf4 31. Qf3 Nh3+ 32. Kh1 Ng5 33. Qe2 Rfd8 34. f3 Rac8 35. Rc6 Bf8 36. Rxd8 Rxd8 37. Rxc7 Nh3 38. Rc1 h5 39. Re1 Qf7 40. Bc3 Qb3 41. Qb2 Qc4 42. Ne3 Qe6 43. Nd5 f5 44. Bxe5 fxe4 45. fxe4 Qg4 46. Qe2 Re8 47. Qxg4 Nf2+ 48. Kg2 Nxg4 49. Bf4 b5 50. Rf1 Rc8 51. Re1 Rc2+ 52. Kg1 Nxh2 53. Rd1 Nf3+ 54. Kf1 Nh2+ 55. Kg1 Nf3+ 56. Kf1 g5 57. Be3 Nh2+ 58. Kg1 Nf3+ 59. Kf1 h4 60. gxh4 Nh2+ 61. Kg1 Nf3+ 62. Kf1 gxh4 63. Nf4 Nh2+ 64. Kg1 Nf3+ 65. Kf1 Bh6 66. Ng6+ Kh7 67. Bxh6 Nh2+ 68. Kg1 Nf3+ 69. Kf1 Kxg6 70. Bf4 Kh5 71. e5 Kg4 72. e6 Rc6 73. e7 Re6 74. Bd6 Ng5 75. a4 Ne4 76. axb5 Nxd6 77. Rxd6 Rxe7 78. Rd4+ Kg3 79. Rd3+ Kf4 80. Rd4+ Kg3 81. Rd3+ Kg4 82. b6 Re4 83. Rb3 Re6 84. b7 Rb6 85. b5 Rxb7 86. Kg2 Rb6 87. Rb4+ Kg5 88. Kh3 Kf5 89. Rxh4 Ke5 90. Rh5+ Kd4 91. Kg4 Kc4 92. Rg5 Kb4 93. Kh5 Ka5 94. Rg6 Rxb5+ 95. Rg5 Rxg5+ 96. Kxg5 1/2-1/2


[Site "https://www.chess.com"]

[Event "Titled Tuesday Blitz August 3 2021"]
[White "Andrews, Todd"]
[Black "Wei, Yi"]
[WhiteFideId "2012456"]
[BlackFideId "8603405"]
[WhiteElo "2422"]
[BlackElo "2686"]
[Result "0-1"]
[Round "03"]
[TimeControl "180+1"]
[Date "2021.08.03"]
[WhiteClock "0:00:22"]
[BlackClock "0:00:27"]

1. d4 Nf6 2. c4 g6 3. Nc3 d5 4. Bf4 Bg7 5. Rc1 c5 6. dxc5 d4 7. Nb5 Nh5 8. Bxb8 Rxb8 9. Nf3 O-O 10. Nfxd4 a6 11. e3 axb5 12. cxb5 Qa5+ 13. Qd2 Qxd2+ 14. Kxd2 Rd8 15. Kc3 Nf4 16. Bc4 Ne6 17. Rhd1 Nxc5 18. Kb4 Ne4 19. f3 Nd6 20. Bd5 e6 21. Bb3 Bf8 22. Kc3 e5 23. Ne2 Nxb5+ 24. Kc2 Bf5+ 25. e4 Rbc8+ 26. Kb1 Rxd1 27. Rxd1 Be6 28. Bxe6 fxe6 29. Rd7 Nd6 30. Nc3 b5 31. a3 Rb8 32. b4 Nc4 33. Ra7 Ne3 34. g3 Nf1 35. Kc2 Nxh2 36. Ra5 Nxf3 37. Kd3 Nd4 38. Ra7 Rd8 39. Ke3 Bh6+ 40. Kf2 Bd2 41. Nd1 Rf8+ 42. Kg2 Rc8 43. Kf2 Rc1 44. Ne3 Be1+ 45. Kg2 Rc3 46. Nf1 Rc2+ 47. Kh3 h5 48. Kh4 Nf3+ 49. Kh3 g5 50. g4 Ng1# 0-1


[Site "https://www.chess.com"]

[Event "Titled Tuesday Blitz August 3 2021"]
[White "Anuj Shrivatri"]
[Black "Gokerkan, Cem Kaan"]
[WhiteFideId "35070924"]
[BlackFideId "6336760"]
[WhiteElo "2038"]
[BlackElo "2361"]
[Result "0-1"]
[Round "03"]
[TimeControl "180+1"]
[Date "2021.08.03"]
[WhiteClock "0:00:10"]
[BlackClock "0:00:18"]

1. c4 e6 2. g3 d5 3. Bg2 Nf6 4. Nf3 Be7 5. O-O O-O 6. d4 c5 7. cxd5 exd5 8. dxc5 Na6 9. a3 Nxc5 10. Nc3 Nce4 11. Nxe4 dxe4 12. Nd4 Bg4 13. h3 Bh5 14. Nf5 Bc5 15. g4 Bg6 16. Be3 Bxe3 17. Nxe3 Qb6 18. b4 Rfd8 19. Qb3 h5 20. g5 Nh7 21. h4 Nf8 22. Bh3 Qd6 23. Rad1 Qf4 24. Ng2 Qe5 25. Qg3 Qb2 26. Nf4 a5 27. Nd5 Qxe2 28. Qc7 Re8 29. Qxb7 axb4 30. Qxb4 Qf3 31. Kh2 Qxa3 32. Qxa3 Rxa3 33. Rfe1 Kh7 34. Kg2 Ra2 35. Re3 Rb8 36. Nc3 Rc2 37. Rf1 Rb3 38. Nd5 Rd3 39. Nf4 Rxe3 0-1


[Site "https://www.chess.com"]

[Event "Titled Tuesday Blitz August 3 2021"]
[White "Babazada, Khazar"]
[Black "Nguyen, Hong Anh"]
[WhiteFideId "13413554"]
[BlackFideId "12406732"]
[WhiteElo "2344"]
[BlackElo "1974"]
[Result "1-0"]
[Round "03"]
[TimeControl "180+1"]
[Date "2021.08.03"]
[WhiteClock "0:01:47"]
[BlackClock "0:00:23"]

1. e4 c5 2. Nf3 Nc6 3. Bb5 g6 4. O-O Bg7 5. Bxc6 dxc6 6. d3 Bg4 7. h3 Bxf3 8. Qxf3 Nf6 9. Nc3 O-O 10. Be3 b6 11. a4 Nd7 12. a5 b5 13. Qd1 Qc7 14. d4 cxd4 15. Bxd4 Ne5 16. f4 Nc4 17. Bxg7 Kxg7 18. Qd4+ f6 19. b3 Nxa5 20. Kh1 Nb7 21. Ra6 Rfd8 22. Qe3 Nd6 23. Rfa1 b4 24. Ne2 c5 25. R1a5 Qb7 26. Ng3 c4 27. e5 Ne8 28. f5 cxb3 29. cxb3 Rd1+ 30. Kh2 Qd7 31. Rxa7 Rxa7 32. Rxa7 Qd4 33. exf6+ 1-0


[Site "https://www.chess.com"]

[Event "Titled Tuesday Blitz August 3 2021"]
[White "Baches Garcia, Guillermo"]
[Black "Ohanyan, Emin"]
[WhiteFideId "2209764"]
[BlackFideId "13312022"]
[WhiteElo "2408"]
[BlackElo "1648"]
[Result "1/2-1/2"]
[Round "03"]
[TimeControl "180+1"]
[Date "2021.08.03"]
[WhiteClock "0:00:24"]
[BlackClock "0:00:29"]

1. e4 e5 2. Nf3 Nc6 3. Nc3 Nf6 4. d4 Bb4 5. Nxe5 O-O 6. Qd3 Re8 7. Bd2 Nxe5 8. dxe5 Rxe5 9. O-O-O Re8 10. f3 c6 11. a3 Ba5 12. Bg5 Bxc3 13. bxc3 Qa5 14. Bxf6 Qxa3+ 15. Kd2 gxf6 16. c4 Qe7 17. Kc1 a5 18. Qd6 Qe5 19. Qxe5 fxe5 20. Rd6 a4 21. Kb2 Re6 22. Rxe6 dxe6 23. c5 Ra5 24. Be2 Kf8 25. Ra1 Ke7 26. c4 Rxc5 27. Rxa4 Kd6 28. Ra8 Kc7 29. Kc3 b6 30. h4 Ra5 31. Rxa5 bxa5 32. c5 f6 33. Kb3 Bd7 34. Ka4 Be8 35. Kxa5 Bg6 36. Bc4 f5 37. Bxe6 fxe4 38. fxe4 Bxe4 39. g4 Bf3 40. Kb4 Kd8 41. Kc3 Ke7 42. Bf5 h6 43. Kd2 Kf6 44. Ke3 Bd5 45. Be4 Be6 46. g5+ hxg5 47. hxg5+ Kxg5 48. Bxc6 Kf6 49. Bb7 Ke7 50. c6 Kd6 51. Ke4 Bd5+ 52. Kf5 Be6+ 53. Ke4 Bh3 54. Ke3 Bf5 55. Ba6 Kxc6 56. Be2 Kc5 57. Bf1 Kd6 58. Be2 Ke6 59. Bf1 Kf6 60. Be2 Kg5 61. Bf1 Kh4 62. Be2 Kg3 63. Bb5 Kg4 64. Bc6 Kg5 65. Bb5 Kf6 66. Bc6 Ke7 67. Bg2 Kd6 68. Bf1 Kc5 69. Be2 Kb4 70. Bf1 Kb3 71. Be2 Kb4 72. Bf1 Ka5 73. Be2 Kb6 74. Bf1 Kc7 75. Be2 Kd7 76. Bf1 Ke7 77. Be2 Kf7 78. Bf1 Kg7 79. Be2 Kf6 80. Bf1 Ke6 81. Be2 Bh3 82. Bd3 Kd5 83. Be2 Kc5 84. Bd3 Bg4 85. Bf1 Kb4 86. Bg2 Bf5 87. Bh1 Kc3 88. Bg2 Kc2 89. Bh1 Kd1 90. Be4 Ke1 91. Bxf5 e4 92. Kxe4 1/2-1/2


[Site "https://www.chess.com"]

[Event "Titled Tuesday Blitz August 3 2021"]
[White "Bazeev, German"]
[Black "Garv Gaur"]
[WhiteFideId "24119350"]
[BlackFideId "45030839"]
[WhiteElo "2462"]
[BlackElo "1950"]
[Result "1/2-1/2"]
[Round "03"]
[TimeControl "180+1"]
[Date "2021.08.03"]
[WhiteClock "0:00:07"]
[BlackClock "0:00:50"]

1. d4 d5 2. Nf3 Nf6 3. Bf4 c5 4. e3 Nc6 5. c3 Qb6 6. Qc1 Bf5 7. Nbd2 e6 8. Be2 cxd4 9. exd4 Rc8 10. O-O Be7 11. h3 h6 12. Bd1 O-O 13. Be3 Ne4 14. Bc2 Nxd2 15. Qxd2 Bxc2 16. Qxc2 Bf6 17. Qb3 Na5 18. Qxb6 axb6 19. Nd2 b5 20. f4 Nc4 21. Nxc4 bxc4 22. g4 Be7 23. Rae1 Bd6 24. Bd2 b5 25. a3 Rce8 26. Re2 f6 27. Kg2 Kf7 28. h4 Ke7 29. h5 Kd7 30. Rf3 Re7 31. Be1 Ree8 32. Bg3 Re7 33. Bh4 Ree8 34. Ree3 Re7 35. g5 fxg5 36. fxg5 Ref7 37. Rxf7+ Rxf7 38. gxh6 gxh6 39. Rf3 Rxf3 40. Kxf3 Ke8 41. Be1 Kf7 42. Bd2 Kg7 43. Kg4 Bc7 44. Be3 Bd6 45. Bf2 Bc7 46. Bh4 Bd6 47. Bd8 Bh2 48. Bh4 Bd6 49. Bd8 Bh2 50. Be7 Bc7 51. Bc5 Bh2 52. Bb6 Bd6 53. Bd8 1/2-1/2


[Site "https://www.chess.com"]

[Event "Titled Tuesday Blitz August 3 2021"]
[White "Begunov, Konstantin"]
[Black "Riehle, Marco"]
[WhiteFideId "4118510"]
[BlackFideId "12904392"]
[WhiteElo "2262"]
[BlackElo "2505"]
[Result "1-0"]
[Round "03"]
[TimeControl "180+1"]
[Date "2021.08.03"]
[WhiteClock "0:00:08"]
[BlackClock "0:01:14"]

1. d4 d5 2. c4 e6 3. Nc3 c5 4. cxd5 cxd4 5. Qxd4 Nc6 6. Qa4 exd5 7. Nf3 d4 8. Nb5 Bb4+ 9. Bd2 Bxd2+ 10. Kxd2 Nf6 11. Nbxd4 O-O 12. e3 Nxd4 13. Nxd4 Bd7 14. Qb4 Bc6 15. Bd3 Bxg2 16. Rhg1 Be4 17. Rg5 Rc8 18. Rag1 Bg6 19. f4 Nd5 20. Qb5 Nc7 21. Qb3 Ne6 22. Nxe6 fxe6 23. Qxe6+ Rf7 24. Rxg6 hxg6 25. Rxg6 Qa5+ 26. Ke2 Rd8 27. Bc4 Qd2+ 28. Kf3 Qd1+ 29. Ke4 Qc2+ 30. Kf3 Qd1+ 31. Ke4 Rf8 32. Rg5 Qh1+ 33. Kd3 Rd8+ 34. Kc3 Qc1+ 35. Kb3 Qd1+ 36. Ka3 Rf8 37. Rf5 Kh8 38. Rxf7 Rxf7 39. Qxf7 Qd6+ 40. b4 Kh7 41. Qh5+ Qh6 42. Bd3+ Kg8 43. Qxh6 gxh6 44. e4 Kf7 45. e5 Ke6 46. Be4 b6 47. Kb3 a5 48. Kc4 1-0


[Site "https://www.chess.com"]

[Event "Titled Tuesday Blitz August 3 2021"]
[White "Belous, Vladimir"]
[Black "Ljukin, Sergei"]
[WhiteFideId "4174003"]
[BlackFideId "14102200"]
[WhiteElo "2510"]
[BlackElo "2309"]
[Result "1-0"]
[Round "03"]
[TimeControl "180+1"]
[Date "2021.08.03"]
[WhiteClock "0:01:09"]
[BlackClock "0:00:26"]

1. c4 c6 2. Nf3 d5 3. e3 Nf6 4. d4 e6 5. Nc3 Nbd7 6. Bd3 dxc4 7. Bxc4 b5 8. Be2 a6 9. O-O c5 10. d5 exd5 11. a4 Bb7 12. axb5 axb5 13. Rxa8 Bxa8 14. Bxb5 Be7 15. Ne5 O-O 16. Nxd7 Nxd7 17. Nxd5 Ne5 18. e4 Bd6 19. Bf4 f5 20. exf5 Rxf5 21. Bg3 h5 22. Ne3 Rg5 23. f4 1-0


[Site "https://www.chess.com"]

[Event "Titled Tuesday Blitz August 3 2021"]
[White "Buscar, Michael"]
[Black "Ulko, Jaroslav"]
[WhiteFideId "2603616"]
[BlackFideId "4116658"]
[WhiteElo "2010"]
[BlackElo "2304"]
[Result "1-0"]
[Round "03"]
[TimeControl "180+1"]
[Date "2021.08.03"]
[WhiteClock "0:00:49"]
[BlackClock "0:00:18"]

1. d4 Nf6 2. c4 g6 3. Nc3 Bg7 4. e4 d6 5. Nf3 O-O 6. Be2 e5 7. h3 exd4 8. Nxd4 Re8 9. Bf3 Nbd7 10. O-O c6 11. Re1 a5 12. g3 Ne5 13. Bg2 Nxc4 14. Bf4 Qb6 15. Na4 Qa7 16. Rc1 Ne5 17. Ne2 b5 18. Qxd6 Nh5 19. Be3 Qe7 20. Qxe7 Rxe7 21. Nb6 Rb8 22. Nxc8 Rxc8 23. Red1 Nc4 24. Bc5 Ree8 25. b3 Ne5 26. f4 Bh6 27. Rc2 Nxg3 28. fxe5 Nxe2+ 29. Rxe2 Rxe5 30. Bd6 Re6 31. e5 f6 32. Rde1 fxe5 33. Bxe5 Rce8 34. Kf1 Rf8+ 35. Rf2 Rfe8 36. Bc3 b4 37. Bd2 Bxd2 38. Rxe6 Rxe6 39. Rxd2 c5 40. Bd5 1-0


[Site "https://www.chess.com"]

[Event "Titled Tuesday Blitz August 3 2021"]
[White "Costachi, Mihnea"]
[Black "Ogloblin, Nikolay"]
[WhiteFideId "1217518"]
[BlackFideId "4139658"]
[WhiteElo "2482"]
[BlackElo "2244"]
[Result "1/2-1/2"]
[Round "03"]
[TimeControl "180+1"]
[Date "2021.08.03"]
[WhiteClock "0:00:13"]
[BlackClock "0:00:08"]

1. e4 c5 2. c4 Nc6 3. g3 Nf6 4. Bg2 e6 5. f4 d5 6. cxd5 exd5 7. e5 Ng4 8. h3 Nh6 9. Ne2 Nf5 10. O-O h5 11. Qb3 c4 12. Qf3 Bc5+ 13. Kh2 Be6 14. b3 Ncd4 15. Nxd4 Nxd4 16. Qc3 h4 17. bxc4 hxg3+ 18. Qxg3 g6 19. Ba3 Nf5 20. Qb3 Bxa3 21. Nxa3 dxc4 22. Qxb7 Rc8 23. Nb5 O-O 24. Qf3 Qxd2 25. Rf2 Qb4 26. Nc3 Rfd8 27. Ne4 Rd3 28. Qg4 Kg7 29. Qg5 Qe7 30. Nf6 Rh8 31. Rf3 Qa3 32. Raf1 Qxa2 33. Ng4 Rd2 34. Qf6+ Kg8 35. R1f2 c3 36. Rxd2 Qxd2 37. Qg5 c2 38. Nf6+ Kg7 39. Ne4 c1=Q 40. Qf6+ Kg8 41. Nxd2 Qxd2 42. Qg5 Rh5 43. Qf6 Nh4 44. Rg3 Nxg2 45. Rxg6+ Kf8 46. Qg7+ Ke7 47. Rxe6+ Kxe6 48. Qf6+ Kd7 49. Qxf7+ Kc6 50. Qc4+ Kb6 51. Qb3+ Kc5 52. Qa3+ Kd4 53. Qxa7+ Ke4 54. Qb7+ Kxf4 55. Qf7+ Ke4 56. Qc4+ Ke3 57. Qc5+ Ke2 58. Qc4+ Ke1 59. Qe4+ Ne3+ 60. Kg3 Rf5 61. Qh1+ Ke2 62. Qe4 Qe1+ 63. Kh2 Qf2+ 64. Kh1 Qg2+ 65. Qxg2+ Nxg2 66. Kxg2 Rxe5 67. Kg3 Ke3 68. Kg4 Ke4 69. h4 Ra5 70. h5 Ra1 71. Kg5 Rg1+ 72. Kf6 Rf1+ 73. Kg7 Kf5 74. h6 Rg1+ 75. Kf7 Rh1 76. Kg7 Kg5 77. h7 Rd1 78. h8=Q Rd7+ 79. Kf8 Rd8+ 80. Kg7 Rxh8 81. Kxh8 1/2-1/2


[Site "https://www.chess.com"]

[Event "Titled Tuesday Blitz August 3 2021"]
[White "Csonka, Balazs"]
[Black "Gupta, Abhijeet"]
[WhiteFideId "742910"]
[BlackFideId "5010608"]
[WhiteElo "2404"]
[BlackElo "2549"]
[Result "1/2-1/2"]
[Round "03"]
[TimeControl "180+1"]
[Date "2021.08.03"]
[WhiteClock "0:00:04"]
[BlackClock "0:00:16"]

1. e4 c5 2. Nf3 d6 3. Bb5+ Nd7 4. O-O a6 5. Bd3 Ngf6 6. c3 b5 7. a4 c4 8. Be2 Bb7 9. axb5 axb5 10. Rxa8 Qxa8 11. Na3 Qa5 12. Nd4 Nxe4 13. Ndxb5 d5 14. d3 cxd3 15. Bxd3 e6 16. Bxe4 dxe4 17. Nd6+ Bxd6 18. Qxd6 Qc5 19. Bf4 Qxd6 20. Bxd6 Nb6 21. Bc5 Na4 22. Bd4 f6 23. b3 Nb2 24. Nc4 Nxc4 25. bxc4 Kd7 26. Ra1 e5 27. Be3 Kc6 28. h4 Rd8 29. g3 Rd3 30. Rb1 Rxc3 31. Rb6+ Kc7 32. Re6 Kd7 33. Rb6 Bc6 34. c5 Ra3 35. Rb1 Kc7 36. Rd1 Bb5 37. Kg2 Be2 38. Rc1 Bf3+ 39. Kg1 Kc6 40. Kh2 h5 41. Kg1 Ra2 42. Kh2 f5 43. Kg1 g6 44. Rb1 Kc7 45. Rc1 Kc6 46. Rb1 Kd5 47. Rc1 Kc6 1/2-1/2


[Site "https://www.chess.com"]

[Event "Titled Tuesday Blitz August 3 2021"]
[White "Cunjalo, Faris"]
[Black "Alinasab, Mobina"]
[WhiteFideId "14410710"]
[BlackFideId "12528897"]
[WhiteElo "2234"]
[BlackElo "2061"]
[Result "1-0"]
[Round "03"]
[TimeControl "180+1"]
[Date "2021.08.03"]
[WhiteClock "0:00:32"]
[BlackClock "0:00:14"]

1. d4 Nf6 2. c4 e6 3. Nf3 b6 4. g3 Bb7 5. Bg2 Be7 6. Nc3 O-O 7. O-O Ne4 8. Bd2 f5 9. Ne5 Nxc3 10. Bxc3 Bxg2 11. Kxg2 d6 12. Nf3 Bf6 13. Qd3 d5 14. Rac1 c6 15. Bd2 Nd7 16. cxd5 cxd5 17. Rc6 Re8 18. Rfc1 g6 19. Bf4 e5 20. dxe5 Nxe5 21. Bxe5 Bxe5 22. R1c2 Bg7 23. Rc7 Kh8 24. b3 a5 25. h4 a4 26. Ng5 Qf6 27. Qxd5 h6 28. R2c6 Qb2 29. Nf7+ Kh7 30. h5 gxh5 31. Qxf5+ Kg8 32. Nxh6+ Kh8 33. Qxh5 Qxe2 34. Ng4+ Kg8 35. Qf7+ 1-0


[Site "https://www.chess.com"]

[Event "Titled Tuesday Blitz August 3 2021"]
[White "Daggupati, Balaji"]
[Black "Bluebaum, Matthias"]
[WhiteFideId "2090759"]
[BlackFideId "24651516"]
[WhiteElo "2676"]
[BlackElo "2685"]
[Result "1-0"]
[Round "03"]
[TimeControl "180+1"]
[Date "2021.08.03"]
[WhiteClock "0:01:22"]
[BlackClock "0:00:15"]

1. e4 c6 2. d4 d5 3. Nc3 dxe4 4. Nxe4 Nf6 5. Nxf6+ exf6 6. c3 Bd6 7. Bd3 O-O 8. Qc2 Re8+ 9. Ne2 h5 10. Be3 Nd7 11. O-O-O Nf8 12. Ng3 g6 13. Ne4 Be7 14. Kb1 f5 15. Nd2 Be6 16. h3 h4 17. Nf3 Rc8 18. g3 Qd5 19. c4 Qa5 20. gxh4 b5 21. Ne5 Bf6 22. h5 c5 23. hxg6 fxg6 24. Nxg6 Nxg6 25. Bxf5 Nf8 26. d5 Bxf5 27. Qxf5 Nh7 28. Rdg1+ Kh8 29. Rg6 Rf8 30. Bh6 Qb4 31. Rxf6 Nxf6 32. Qg6 Rg8 33. Qxf6+ Kh7 34. Be3 Rg7 35. Qh6+ Kg8 36. Qe6+ Kh7 37. Qf5+ Rg6 38. Rg1 Rg8 39. Qh5+ Kg7 40. Qxg6+ Kf8 41. Qxg8+ Ke7 42. Qe6+ Kd8 43. Rg8+ Kc7 44. Qc6# 1-0


[Site "https://www.chess.com"]

[Event "Titled Tuesday Blitz August 3 2021"]
[White "Dang, Hoang Son"]
[Black "Pires, Marcos Vinicius Torsani"]
[WhiteFideId "12402435"]
[BlackFideId "2118939"]
[WhiteElo "2248"]
[BlackElo "2273"]
[Result "1-0"]
[Round "03"]
[TimeControl "180+1"]
[Date "2021.08.03"]
[WhiteClock "0:00:51"]
[BlackClock "0:00:34"]

1. d4 c6 2. c4 d5 3. Nf3 Nf6 4. cxd5 cxd5 5. Nc3 Nc6 6. Bf4 Ne4 7. Rc1 Nxc3 8. Rxc3 e5 9. Bg5 f6 10. Bd2 Bb4 11. Rb3 Bxd2+ 12. Qxd2 e4 13. Ng1 O-O 14. e3 Qe7 15. Bb5 Bd7 16. Ne2 a6 17. Bxc6 Bxc6 18. O-O f5 19. Rc1 Rac8 20. Rbc3 h6 21. Nf4 Qd6 22. h4 g5 23. Nh3 Qf6 24. Qd1 Bd7 25. hxg5 hxg5 26. Qh5 g4 27. Nf4 Qf7 28. Qg5+ Kh7 29. Rc7 Rxc7 30. Rxc7 Rc8 31. Nxd5 Qxd5 32. Qe7+ Kh6 33. Rxd7 Rc1+ 34. Kh2 Qg8 35. Qf6+ Kh5 36. Qxf5+ Kh6 37. Rd6+ Kg7 38. Qf6+ 1-0


[Site "https://www.chess.com"]

[Event "Titled Tuesday Blitz August 3 2021"]
[White "De Silva, L M S T"]
[Black "Indjic, Aleksandar"]
[WhiteFideId "9953698"]
[BlackFideId "911925"]
[WhiteElo "1621"]
[BlackElo "2643"]
[Result "1-0"]
[Round "03"]
[TimeControl "180+1"]
[Date "2021.08.03"]
[WhiteClock "0:00:56"]
[BlackClock "0:00:09"]

1. e4 c5 2. Nf3 e6 3. d4 cxd4 4. Nxd4 Nc6 5. Be2 d6 6. O-O Bd7 7. Nc3 Nf6 8. Be3 Nxd4 9. Bxd4 Bc6 10. Bd3 e5 11. Be3 h6 12. f3 Be7 13. Bc4 O-O 14. Bb3 a6 15. Nd5 Rc8 16. c4 Nxd5 17. cxd5 Bb5 18. Rf2 f5 19. exf5 Rxf5 20. Bc2 Rf8 21. a4 Bd7 22. Be4 Bg5 23. Bxg5 Qxg5 24. Qb3 b5 25. axb5 Bxb5 26. Rc2 h5 27. h3 h4 28. Rac1 Qxc1+ 29. Rxc1 Rxc1+ 30. Kh2 Rfc8 31. Qe3 R1c5 32. Qg5 Bc4 33. b4 R5c7 34. Qxh4 Bb5 35. Bf5 Bd7 36. Qh7+ Kf7 37. Qg6+ Kg8 38. Bxd7 Rxd7 39. Qe6+ 1-0


[Site "https://www.chess.com"]

[Event "Titled Tuesday Blitz August 3 2021"]
[White "Demidov, Mikhail"]
[Black "Florescu, Codrut-Constantin"]
[WhiteFideId "4197143"]
[BlackFideId "1202200"]
[WhiteElo "2598"]
[BlackElo "2243"]
[Result "1-0"]
[Round "03"]
[TimeControl "180+1"]
[Date "2021.08.03"]
[WhiteClock "0:01:46"]
[BlackClock "0:01:08"]

1. Nf3 d5 2. g3 Nf6 3. Bg2 e6 4. O-O Be7 5. c4 O-O 6. b3 c6 7. Bb2 Nbd7 8. Qc2 b6 9. d3 Bb7 10. e4 Rc8 11. Nbd2 a5 12. Rfe1 Bb4 13. a3 Bc5 14. h3 b5 15. e5 Ne8 16. d4 Be7 17. c5 Nc7 18. Nf1 b4 19. Qd2 Rb8 20. axb4 axb4 21. Ne3 Ba6 22. h4 f6 23. exf6 Nxf6 24. Ne5 Qe8 25. N3g4 Nxg4 26. Nxg4 Qg6 27. Ne5 Qe8 28. Bh3 Qh5 29. Nxc6 Rbe8 30. Nxe7+ Rxe7 31. Qg5 Qxg5 32. hxg5 Nb5 33. Rxa6 1-0


[Site "https://www.chess.com"]

[Event "Titled Tuesday Blitz August 3 2021"]
[White "Devaev, Alexander"]
[Black "Kretov, Evgenij"]
[WhiteFideId "4169395"]
[BlackFideId "4167821"]
[WhiteElo "2185"]
[BlackElo "2400"]
[Result "1-0"]
[Round "03"]
[TimeControl "180+1"]
[Date "2021.08.03"]
[WhiteClock "0:00:23"]
[BlackClock "0:01:11"]

1. Nf3 c5 2. c4 Nf6 3. Nc3 e6 4. e3 Be7 5. Be2 O-O 6. O-O b6 7. a3 Bb7 8. Rb1 Nc6 9. Re1 d5 10. cxd5 Nxd5 11. Ne4 Rc8 12. d3 f5 13. Ng3 g6 14. Qc2 Bf6 15. Bf1 Re8 16. Bd2 Qd7 17. h3 Kg7 18. Rbc1 Red8 19. Qb1 Ne5 20. Nxe5 Bxe5 21. f4 Bb8 22. b4 cxb4 23. axb4 e5 24. Qa1 Rxc1 25. Rxc1 Re8 26. e4 fxe4 27. dxe4 Nf6 28. Bc3 Nxe4 29. Nxe4 Bxe4 30. Re1 Qd5 31. fxe5 Bxe5 32. Qxa7+ Kh6 33. Bxe5 Qxe5 34. Qxb6 Qf4 35. Qe3 Kg5 36. g3 Qxe3+ 37. Rxe3 Bc6 38. Rxe8 Bxe8 39. b5 Kf6 40. b6 Bc6 41. Bg2 Bd7 42. b7 Ke7 43. b8=Q Be6 44. Qe5 Kf7 45. Bd5 Bxd5 46. Qxd5+ Kf6 47. h4 h5 48. Kf2 Ke7 49. Qe5+ Kf7 50. Ke3 Kf8 51. Kf4 Kf7 52. Kg5 Kf8 53. Kxg6 Kg8 54. Qe8# 1-0


[Site "https://www.chess.com"]

[Event "Titled Tuesday Blitz August 3 2021"]
[White "Dobre, Claudiu-Cristian"]
[Black "Khoroshev, Nikita"]
[WhiteFideId "1211854"]
[BlackFideId "14200287"]
[WhiteElo "2259"]
[BlackElo "2328"]
[Result "0-1"]
[Round "03"]
[TimeControl "180+1"]
[Date "2021.08.03"]
[WhiteClock "0:00:07"]
[BlackClock "0:00:57"]

1. c4 e5 2. Nc3 Nc6 3. Nf3 d6 4. d4 Bg4 5. d5 Bxf3 6. gxf3 Nce7 7. Qb3 Qc8 8. h4 c6 9. Bh3 Qc7 10. e4 h5 11. Be3 Ng6 12. c5 Nxh4 13. O-O-O Nf6 14. cxd6 Bxd6 15. dxc6 bxc6 16. Bg5 Nxf3 17. Bxf6 gxf6 18. Qc4 Nd4 19. f4 Rb8 20. fxe5 Bxe5 21. Rxd4 Bxd4 22. Qxd4 Qf4+ 23. Kb1 Rd8 24. Qc4 Rd6 25. Qf1 Qxf1+ 26. Rxf1 Rg8 27. Rf2 Rg3 28. Bf5 Rdd3 29. Kc2 Rde3 30. Ne2 Rgf3 31. Rh2 h4 32. Nd4 Rf4 33. Ne2 Rf1 34. Nc3 Rf4 35. Ne2 Rf1 36. Nc1 Ree1 37. Nd3 Rh1 38. Rg2 Reg1 39. Rd2 h3 40. Nc5 Rc1+ 41. Kb3 Rxc5 42. Rd3 h2 43. Rh3 Ke7 44. Kb4 Rcc1 45. b3 Rce1 46. a4 Re2 47. Bg4 Rxe4+ 0-1


[Site "https://www.chess.com"]

[Event "Titled Tuesday Blitz August 3 2021"]
[White "Dowgird, Filip"]
[Black "Nasyrova, Ekaterina"]
[WhiteFideId "1121235"]
[BlackFideId "44157797"]
[WhiteElo "2209"]
[BlackElo "2115"]
[Result "0-1"]
[Round "03"]
[TimeControl "180+1"]
[Date "2021.08.03"]
[WhiteClock "0:01:57"]
[BlackClock "0:01:57"]

1. d4 d5 2. Bf4 e6 3. e3 Bd6 4. Bg3 Ne7 5. Bd3 Nf5 6. Bxf5 exf5 7. Ne2 O-O 8. Nd2 Nc6 9. a3 Ne7 10. c4 c6 11. c5 Bc7 12. b4 Ng6 13. Bxc7 Qxc7 14. g3 Re8 15. h4 f4 16. gxf4 Bg4 17. f3 Rxe3 18. fxg4 Nxf4 19. Rh2 Rae8 0-1


[Site "https://www.chess.com"]

[Event "Titled Tuesday Blitz August 3 2021"]
[White "Farahat, Ali"]
[Black "Noritsyn, Nikolay"]
[WhiteFideId "10600507"]
[BlackFideId "2604922"]
[WhiteElo "2321"]
[BlackElo "2527"]
[Result "0-1"]
[Round "03"]
[TimeControl "180+1"]
[Date "2021.08.03"]
[WhiteClock "0:00:07"]
[BlackClock "0:00:15"]

1. e4 c5 2. Nf3 d6 3. c3 Nf6 4. h3 Nc6 5. Bd3 d5 6. e5 c4 7. Bc2 Nd7 8. e6 fxe6 9. O-O e5 10. Re1 e4 11. Ng5 Nf6 12. b3 cxb3 13. Bxb3 h6 14. Nxe4 dxe4 15. d4 e5 16. Nd2 Bf5 17. d5 Na5 18. Ba4+ Kf7 19. c4 Bc5 20. Bb2 Bxf2+ 21. Kxf2 Qb6+ 22. Kg3 Qxb2 23. Rf1 Bg6 24. Rb1 Qd4 25. Nb3 Qxd1 26. Rbxd1 Nxb3 27. Bxb3 b6 28. d6 Ke8 29. c5 bxc5 30. Ba4+ Kf8 31. Rc1 Rc8 32. Rb1 Rd8 33. Rb7 h5 34. Rc1 h4+ 35. Kh2 Rh5 36. Rxc5 e3 37. Rc3 e4 38. Rxe3 Rd5 39. Rxa7 R5xd6 40. Re1 Rd2 41. Bb3 Rf2 42. Re3 Rdd2 43. Ra8+ Ke7 44. Ra7+ Kd6 45. Ra6+ Kc5 46. Rc3+ Kb5 47. Bc4+ Kb4 48. Raa3 Rxg2+ 49. Kh1 Rh2+ 50. Kg1 Rdg2+ 51. Kf1 Rf2+ 52. Kg1 Rb2 53. Bb3 Rhg2+ 54. Kh1 Rgd2 55. Bd1 e3 56. Rab3+ Rxb3 57. Rxb3+ Kc4 0-1


[Site "https://www.chess.com"]

[Event "Titled Tuesday Blitz August 3 2021"]
[White "Fernandez, Michael"]
[Black "Paravyan, David"]
[WhiteFideId "5803560"]
[BlackFideId "4194985"]
[WhiteElo "2110"]
[BlackElo "2562"]
[Result "1-0"]
[Round "03"]
[TimeControl "180+1"]
[Date "2021.08.03"]
[WhiteClock "0:00:08"]
[BlackClock "0:00:01"]

1. b4 e6 2. Bb2 f5 3. e3 Nf6 4. b5 d5 5. Nf3 Bd6 6. d4 O-O 7. c4 c5 8. bxc6 Bc5 9. dxc5 Nxc6 10. Be2 Qa5+ 11. Nbd2 Qxc5 12. O-O Qe7 13. cxd5 Nxd5 14. Nc4 Bd7 15. Nce5 Rad8 16. Qb3 Na5 17. Qa3 b6 18. Qxe7 Nxe7 19. Ba3 Rfe8 20. Rfd1 Nd5 21. Nd4 Ba4 22. Rdc1 f4 23. Ndc6 Nxc6 24. Nxc6 Rc8 25. Nxa7 Ra8 26. Nb5 fxe3 27. Nc7 exf2+ 28. Kxf2 Nxc7 29. Rxc7 Red8 30. Bf3 Rd2+ 31. Kg3 Rad8 32. Rac1 Rxa2 33. Bb4 Be8 34. Bc3 Bf7 35. Be5 h6 36. Rb7 Ra5 37. Bf4 e5 38. Be3 e4 39. Rcc7 Bd5 40. Rxg7+ Kf8 41. Bxh6 Bxb7 42. Rxb7+ Kg8 43. Rg7+ Kh8 44. Bxe4 Rh5 45. Rg6 Re8 46. Bg7+ Kh7 47. Re6+ Kxg7 48. Rxe8 Rc5 49. Rb8 b5 50. Kf4 Kf6 51. Rb6+ Ke7 52. h4 Kd7 53. g4 Kc7 54. Rb7+ Kd6 55. g5 Rc4 56. h5 b4 57. h6 Rc8 58. g6 Ke6 59. g7 Kf6 60. Bd5 b3 61. Bxb3 Rd8 62. g8=Q Rd4+ 63. Ke3 Re4+ 64. Kd3 Rd4+ 65. Kxd4 Kf5 66. Rf7# 1-0


[Site "https://www.chess.com"]